 Dungeon Crawl Stone Soup version 0.27-a0-931-g5a74e75d8f (webtiles) character file.

Game seed: 3595308910431088657

220 Alarkh the Ruffian (level 5, 42/42 HPs)
             Began as a Demonspawn Gladiator on Apr 10, 2021.
             Got out of the dungeon alive.
             The game lasted 00:02:48 (3779 turns).

Alarkh the Ruffian (Demonspawn Gladiator)           Turns: 3779, Time: 00:02:49

Health: 42/42      AC:  6    Str: 15    XL:     5   Next: 64%
Magic:  5/5        EV: 11    Int: 10    God:
Gold:   172        SH:  5    Dex: 14    Spells: 4/4 levels left

rFire    . . .     SeeInvis .     - Unarmed
rCold    . . .     Faith    .   o - +2 buckler
rNeg     . . .     Spirit   .   a - +0 leather armour
rPois    .         Reflect  .   (helmet restricted)
rElec    .         Harm     .   (no cloak)
rCorr    .         Rampage  .   (no gloves)
Will     .....                  p - +0 pair of boots
Stlth    +.........             (no amulet)
HPRegen  0.14/turn              (no ring)
MPRegen  0.09/turn              (no ring)

@: no status effects
A: antennae 1, sharp scales 2
a: no special abilities


You escaped.
You visited 1 branch of the dungeon, and saw 4 of its levels.

You collected 172 gold pieces.

Inventory:

Missiles
 c - 3 throwing nets (quivered)
Armour
 a - a +0 leather armour (worn)
 b - a +0 helmet
 o - a +2 buckler (worn)
 p - a +0 pair of boots (worn)
Magical Staves
 s - a staff of cold
Wands
 t - a wand of acid (4)
Scrolls
 d - a scroll of enchant weapon {unknown}
 e - 4 scrolls of identify {unknown}
 f - a scroll of fear {unknown}
 h - 4 scrolls of magic mapping {unknown}
 i - a scroll of summoning {unknown}
 j - 2 scrolls of enchant armour {unknown}
 l - a scroll of noise {unknown}
 m - a scroll of amnesia {unknown}
 q - a scroll of fog {unknown}
Potions
 g - 3 potions of curing {unknown}
 k - a potion of berserk rage {unknown}
 n - a potion of might {unknown}
 r - a potion of resistance {unknown}


   Skills:
 + Level 3.7 Fighting
 - Level 1.7 Throwing
 - Level 2.6 Dodging
 * Level 5.0 Unarmed Combat


You had 4 spell levels left.
You didn't know any spells.
Your spell library contained the following spells:

 Spells                   Type           Power      Damage    Failure   Level
 Magic Dart               Conj           0%         1d3       61%         1
 Searing Ray              Conj           0%         3d3       75%         2
 Dazzling Flash           Conj/Hex       0%         N/A       93%         3
 Fulminant Prism          Conj/Hex       0%         3d6       100%        4
 Iskenderun's Mystic Bla  Conj/Tloc      0%         2d3       100%        4


Dungeon Overview and Level Annotations

Branches:
Dungeon (4/15)
 Temple: D:4-7

Altars:
Okawaru
Qazlal

Shops:
D:3 *


Innate Abilities, Weirdness & Mutations

You have a pair of small antennae on your head.
You are mostly covered in razor-sharp scales. (AC +2, Slay +2)


Message History

The orc hits you but does no damage.
You punch the orc!
You kill the orc!
No target in view!
No target in view!
No target in view!
No target in view!
No target in view!
No target in view!
No target in view!
No target in view!
(D) Dungeon
Where to? (Enter - D:4, ? - help)
What level of the Dungeon? (default 1, ? - help)
You now have 172 gold pieces (gained 13).
There is an open door here.
Things that are here:
a +0 whip; a +0 robe; a +0 mace
Found a lumpy black potion.
You open the door.
There is an open door here.
You see here a +0 ring mail.
There is a stone staircase leading up here.
HP restored.
You see here the +11 falchion of the Jolly Wishes {protect, rC++}.
There is a stone staircase leading up here.
You climb upwards.
There is a stone staircase leading down here.
There is a stone staircase leading up here.
You climb upwards.
There is a stone staircase leading down here.
There is a stone staircase leading up here.
You climb upwards.
There is a stone staircase leading down here.
Unknown command.
HP restored.
There is an open door here.
There is a staircase leading out of the dungeon here.
Are you sure you want to leave the Dungeon?
This will make you lose the game!
You have escaped!

#########.# #.^....######......#
.......##.#########.....##......'
.......##...# #...###.##......#
.......####.#####.#...#.####'#'##
.......# #.........#.#.####.#.#
.......# #.######..#.#......#.#
.......# #..# #.#..#.#.....##.#
.......# ##.###.###..#.....##.#
.......# #.'..@..'........##'##
.......# #######.########........
..###### #.............##........
..# ####.#####.#####........ ..#
##.#####.## #...[.... ..#
#.........# ###....## ..#
########.######## ####### ..#
#.'...........'.# #.....
..#######.######.######.####.####


There were no monsters in sight!

Vanquished Creatures
  A necrophage (D:4)
  An orc wizard (D:3)
  2 adders
  An ufetubus (D:4)
  3 worms
  2 dart slugs (D:1)
  8 orcs
  6 bats
  4 endoplasms
  A giant cockroach (D:1)
  5 goblins
  6 hobgoblins
  4 quokkas
  10 ball pythons
  3 frilled lizards
  3 kobolds
  5 rats
65 creatures vanquished.

Notes
Turn   | Place    | Note
-------+----------+-------------------------------------------
     0 | D:1      | Alarkh the Demonspawn Gladiator began the quest for the
                  | Orb.
     0 | D:1      | Reached XP level 1. HP: 16/16 MP: 1/1
    74 | D:1      | Found a faded altar of an unknown god.
   313 | D:1      | Reached skill level 3 in Unarmed Combat
   490 | D:1      | Gained mutation: You are partially covered in razor-sharp
                  | scales. (AC +1, Slay +1) [demonic ancestry]
   490 | D:1      | Reached XP level 2. HP: 22/22 MP: 2/2
  1380 | D:2      | Gained mutation: You are mostly covered in razor-sharp
                  | scales. (AC +2, Slay +2) [demonic ancestry]
  1380 | D:2      | Reached XP level 3. HP: 28/28 MP: 3/3
  1650 | D:2      | Found an iron altar of Okawaru.
  2822 | D:3      | Reached skill level 4 in Unarmed Combat
  2822 | D:3      | Reached XP level 4. HP: 29/34 MP: 4/4
  3030 | D:3      | Found Liraixki's General Store.
  3511 | D:4      | Identified the +11 falchion of the Jolly Wishes {protect,
                  | rC++}
  3548 | D:4      | Found a stormy altar of Qazlal.
  3607 | D:4      | Noticed a necrophage
  3624 | D:4      | Killed a necrophage
  3625 | D:4      | Reached skill level 5 in Unarmed Combat
  3625 | D:4      | Gained mutation: You have a pair of small antennae on your
                  | head. [demonic ancestry]
  3625 | D:4      | Reached XP level 5. HP: 31/42 MP: 5/5
  3779 | D:$      | Got out of the dungeon alive.

Illustrated notes

Levels and vault maps discovered:
D:1:      shiori_shiawase, layout_basic, hellmonk_ecumenical_altar_slurped_away,
          grunt_decor_one_mirror, st_stairs_9
D:2:      layout_loops_ring, basic_altar
D:3:      layout_basic, serial_shops, shop_fountains
D:4:      layout_loops_corners, nicolae_qazlal_scattered_showers,
          minmay_misc_feat_square, minmay_hedge_maze

Skill      XL: |  1  2  3  4 |
---------------+-------------+-----
Unarmed Combat | 3 4 5 |  5.0
Fighting       | 3 |  3.7
Throwing       | |  1.7
Dodging        | |  2.6

Action                   |  1- 3 |  4- 6 || total
-------------------------+-------+-------++-------
Melee: Unarmed           |   163 |    68 ||   231
       Punch             |     3 |       ||     3
 Stab: Sleeping          |     2 |       ||     2
Armor: Leather armour    |    38 |    15 ||    53
Dodge: Dodged            |    98 |    19 ||   117
Block: Buckler           |       |    12 ||    12

Table legend: (Time is in decaauts)
 A = Elapsed time spent in this place.
 B = Non-inter-level travel time spent in this place.
 C = Inter-level travel time spent in this place.
 D = Time resting spent in this place.
 E = Time spent auto-exploring this place.
 F = Levels seen in this place.
 G = Mean time per level.
                   A        B        C        D        E       F      G
               +--------+--------+--------+--------+--------+-----+--------+
         Total |   3771 |   3489 |    282 |    243 |   2761 |   4 |  942.8 |
       Dungeon |   3771 |   3489 |    282 |    243 |   2761 |   4 |  942.8 |
               +--------+--------+--------+--------+--------+-----+--------+

Top non-repeatable levels by time:
     D:1: 1396 daAuts
     D:2: 1125 daAuts
     D:3: 911 daAuts
     D:4: 338 daAuts
